 Dungeon Crawl Stone Soup version 0.17-a0-737-gf0a300a (webtiles) character file.

909 Ngotmuk the Skirmisher (level 8, -2/73 HPs)
             Began as a Naga Fighter on Apr 24, 2015.
             Was a Believer of Cheibriados.
             Slain by a wyvern skeleton (11 damage)
             ... on level 6 of the Dungeon.
             The game lasted 00:14:55 (4988 turns).

Ngotmuk the Skirmisher (Naga Fighter)               Turns: 4988, Time: 00:14:56

Health: -2/73      AC: 11    Str: 26    XL:     8   Next: 8%
Magic:  6/9        EV:  4    Int: 15    God:    Cheibriados [**....]
Gold:   404        SH: 10    Dex: 17    Spells: 0 memorised, 7 levels left

rFire  . . .     SeeInvis +     a - +0 long sword
rCold  . . .     Clarity  .     o - +0 plate armour
rNeg   . . .     SustAb   .     c - +0 shield
rPois  +         Gourm    .     (no helmet)
rElec  .         Spirit   .     (no cloak)
rCorr  .         Warding  .     (no gloves)
rMut   .         Stasis   .     (no barding)
MR     +....                    (no amulet)
Stlth  ..........               (no ring)
                                A - +2 ring of protection

@: very slow, somewhat resistant to hostile enchantments, extremely unstealthy
A: see invisible, deformed body, poison resistance, slowness 2, slow metabolism
1, spit poison 2, AC +2
a: Spit Poison, Bend Time, Renounce Religion


You were on level 6 of the Dungeon.
You worshipped Cheibriados.
Cheibriados was pleased with you.
You were not hungry.

You visited 1 branch of the dungeon, and saw 7 of its levels.

You collected 404 gold pieces.

Inventory:

Hand weapons
 a - a +0 long sword (weapon)
Armour
 c - a +0 shield (worn)
 o - a +0 plate armour (worn)
Jewellery
 A - a +2 ring of protection (left hand)
Magical devices
 t - a wand of cold (9)
 v - a wand of slowing (20)
 y - a wand of fireball (9)
Scrolls
 f - 3 scrolls of immolation {unknown}
 h - 3 scrolls of random uselessness {unknown}
 i - a scroll of remove curse {unknown}
 j - 5 scrolls of identify {unknown}
 m - a scroll of teleportation {unknown}
 r - a scroll of enchant weapon {unknown}
 w - a scroll of blinking {unknown}
Potions
 d - 2 potions of might
 g - a potion of flight {unknown}
 k - 6 potions of curing {unknown}
 l - 2 potions of ambrosia {unknown}
 p - 2 potions of haste {unknown}
 q - a potion of heal wounds {unknown}
 s - a potion of poison {unknown}
 u - a potion of magic {unknown}
 x - a potion of cancellation {unknown}
 z - a potion of degeneration {unknown}
Comestibles
 b - 2 meat rations
 e - 5 bread rations
 n - 2 beef jerkies


   Skills:
 + Level 4.9 Fighting
 + Level 4.2 Long Blades
 + Level 4.2 Armour
 + Level 2.3 Dodging
 + Level 4.0 Shields
 + Level 2.3 Invocations


You had 7 spell levels left.
You didn't know any spells.

Dungeon Overview and Level Annotations

Branches:
Dungeon (7/15)
 Temple: D:4-7

Altars:
Cheibriados
Fedhas
Makhleb
Qazlal
Ru
Trog
Yredelemnul
The Shining One

Shops:
D:5 (


Innate Abilities, Weirdness & Mutations

You cannot wear boots.
Your serpentine skin is tough (AC +2).
You have supernaturally acute eyesight.
Armour fits poorly on your strangely shaped body.
Your system is resistant to poisons.
You cover ground very slowly.
You have a slow metabolism.
You can spit poison.


Message History

A wyvern skeleton comes into view.
Items here: ( )) † an uncursed long sword; an uncursed shortbow; 3 arrows; a centaur corpse
Okay, then.
Use which ability? (? or * to list)
The flow of time bends around you.
You feel slightly more hungry.
A hobgoblin comes into view.
The hobgoblin shouts!
The wyvern skeleton bites you but does no damage.
Use which ability? (? or * to list)
You fail to use your ability.
The wyvern skeleton barely misses you. You block the wyvern skeleton's attack.
You hit the wyvern skeleton.
The wyvern skeleton bites you but does no damage.
You slash the wyvern skeleton! The wyvern skeleton bites you!
* * * LOW HITPOINT WARNING * * *
The hobgoblin hits you.
* * * LOW HITPOINT WARNING * * *
The wyvern skeleton bites you!
You die...

........................#
........((...(..÷........
......####(.(............
..... #(((............
..... #((............#
.....####)[[............
..........(...........##
#......g..(............#
.......Z@.(##########.#
#........)†# .
..........# ..........#
........... ####.......
#....###. #....# .⌠
#....#


You could see a hobgoblin and a wyvern skeleton.

Vanquished Creatures
  A phantom (D:4)
  3 centaurs
  A scorpion (D:5)
  A crimson imp (D:6)
  3 orc wizards
  A centaur zombie (D:6)
  4 worker ants
  2 iguanas (D:5)
  11 adders
  2 oozes (D:2)
  An adder zombie (D:6)
  3 worms
  2 giant geckos
  6 orcs
  2 gnoll zombies (D:4)
  10 goblins
  14 hobgoblins
  3 quokkas
  14 bats
  4 giant cockroaches
  5 giant newts
  6 jackals
  10 kobolds
  15 rats
124 creatures vanquished.

Vanquished Creatures (others)
  A kobold (D:6)
  A giant gecko zombie (D:6)
2 creatures vanquished.

Grand Total: 126 creatures vanquished

Notes
Turn   | Place    | Note
--------------------------------------------------------------
     0 | D:1      | Ngotmuk, the Naga Fighter, began the quest for the Orb.
     0 | D:1      | Reached XP level 1. HP: 21/21 MP: 1/1
   124 | D:1      | Reached XP level 2. HP: 26/28 MP: 2/2
   421 | D:1      | Reached XP level 3. HP: 24/34 MP: 3/3
   812 | D:2      | Reached XP level 4. HP: 16/42 MP: 4/4
  1192 | D:2      | Found a blossoming altar of Fedhas.
  1299 | D:2      | Found a glowing golden altar of the Shining One.
  1677 | D:3      | Found a snail-covered altar of Cheibriados.
  1865 | D:4      | Found a burning altar of Makhleb.
  1875 | D:3      | Reached XP level 5. HP: 50/50 MP: 5/5
  2098 | D:3      | Found a sacrificial altar of Ru.
  2107 | D:3      | Became a worshipper of Cheibriados the Contemplative
  2387 | D:3      | Found a bloodstained altar of Trog.
  2629 | D:4      | Reached skill level 1 in Dodging
  2902 | D:4      | Reached skill level 4 in Fighting
  2912 | D:4      | Reached XP level 6. HP: 28/57 MP: 6/6
  3227 | D:4      | Acquired Cheibriados's first power
  3434 | D:4      | Noticed a phantom
  3548 | D:4      | Killed a phantom
  3701 | D:4      | Found a basalt altar of Yredelemnul.
  3892 | D:5      | Entered Level 5 of the Dungeon
  3892 | D:5      | Found Feolausk's Weapon Shoppe.
  4031 | D:5      | Reached XP level 7. HP: 63/66 MP: 7/7
  4111 | D:5      | Reached skill level 1 in Invocations
  4522 | D:5      | Found a stormy altar of Qazlal.
  4982 | D:6      | Reached XP level 8. HP: 17/73 MP: 9/9
  4988 | D:6      | Slain by a wyvern skeleton

Action                   |  1- 3 |  4- 6 |  7- 9 || total
-------------------------+-------+-------+-------++-------
Melee: Long sword        |   138 |   297 |   109 ||   544
Invok: Bend Time         |       |       |     1 ||     1
 Abil: Spit Poison       |     9 |     6 |     3 ||    18
  Eat: Royal jelly       |       |     1 |       ||     1
       Beef jerky        |       |     1 |       ||     1
       Meat ration       |       |     1 |       ||     1
       Pizza             |       |     1 |       ||     1
       Bread ration      |       |       |     1 ||     1
